 Dungeon Crawl Stone Soup version 0.30.0-29-ga12c61a403 (webtiles) character file.

Game seed: 9712721212776933356

115 seaoflcl the Covered (level 5, -2/42 HPs)
             Began as a Human Fighter on June 4, 2023.
             Was a Believer of Uskayaw.
             Slain by a worm (4 damage)
             ... on level 3 of the Dungeon.
             The game lasted 00:06:01 (2685 turns).

seaoflcl the Covered (Human Fighter)                Turns: 2685, Time: 00:06:02

Health: -2/42      AC: 10    Str: 18    XL:     5   Next: 20%
Magic:  5/5        EV:  6    Int:  8    God:    Uskayaw [**....]
Gold:   175        SH:  5    Dex: 13    Spells: 4/4 levels left

rFire   . . .        a - +0 long sword
rCold   . . .        c - +0 buckler
rNeg    . . .        b - +0 scale mail
rPois   .            t - +1 helmet {SInv}
rElec   .            (no cloak)
rCorr   .            (no gloves)
SInv    +            y - +0 pair of boots
Will    .....        (no amulet) Stlth
                     (no ring)
HPRegen 0.27/turn    (no ring)
MPRegen 0.09/turn

%: no passive effects
@: grasped by roots, constricted
A: no striking features
a: Renounce Religion, Stomp, Line Pass


You were on level 3 of the Dungeon.
You worshipped Uskayaw.
Uskayaw was noncommittal.
You visited 1 branch of the dungeon, and saw 4 of its levels.

You collected 175 gold pieces.

Inventory:

Hand Weapons
 a - a +0 long sword (weapon)
Armour
 b - a +0 scale mail (worn)
 c - a +0 buckler (worn)
 r - a +0 leather armour of cold resistance
 t - a +1 helmet of see invisible (worn)
 y - a +0 pair of boots (worn)
Jewellery
 u - a ring of resist corrosion
Wands
 x - a wand of digging (2)
Scrolls
 f - 2 scrolls of enchant weapon {unknown}
 h - a scroll of blinking {unknown}
 i - 2 scrolls of magic mapping {unknown}
 j - 6 scrolls of identify {unknown}
 k - a scroll of fear {unknown}
 v - a scroll of immolation {unknown}
 w - a scroll of teleportation {unknown}
 z - a scroll of amnesia {unknown}
Potions
 d - a potion of might
 e - a potion of attraction {unknown}
 g - 3 potions of flight {unknown}
 l - 2 potions of ambrosia {unknown}
 m - 3 potions of heal wounds {unknown}
 n - 3 potions of haste {unknown}
 o - a potion of berserk rage {unknown}
 p - a potion of degeneration {unknown}
 q - 2 potions of curing {unknown}
 s - a potion of brilliance {unknown}


   Skills:
 + Level 3.6 Fighting
 + Level 3.1 Long Blades
 + Level 3.9 Armour
 + Level 0.6 Dodging
 + Level 3.3 Shields


You had 4 spell levels left.
You didn't know any spells.
Your spell library contained the following spells:

 Spells                   Type           Power      Damage    Failure   Level
 Beastly Appendage        Tmut           0%         N/A       86%         1
 Static Discharge         Conj/Air       0%         2-2/arc   95%         2
 Wereblood                Tmut           0%         N/A       95%         2
 Spider Form              Tmut/Pois      0%         N/A       99%         3
 Airstrike                Air            0%         2d(0-16)  100%        4
 Summon Lightning Spire   Summ/Air       0%         N/A       100%        4


Dungeon Overview and Level Annotations

Branches:
Dungeon (4/15)
 Temple: D:4-7

Altars:
Hepliaklqana
Uskayaw
Xom

Annotations:
D:3 Ijyb


Message History

Ijyb hits you with a +0 club.
The black bear bites you but does no damage.
The black bear closely misses you.
The black bear claws you but does no damage.
You block the black bear's attack. The black bear claws you.
The black bear claws you but does no damage.
Ijyb barely misses you.
You hit the black bear.
The black bear is lightly wounded.
The worm barely misses you. The black bear completely misses you.
The black bear claws you. x2; You block Ijyb's attack.
You slash the black bear!
The black bear is moderately wounded.
Ijyb hits you but does no damage. The black bear bites you.
The black bear barely misses you.
The black bear claws you but does no damage.
The worm bites you!
You can now pass through a line of other dancers.
You closely miss the black bear.
The black bear is moderately wounded.
The black bear bites you.
* * * LOW HITPOINT WARNING * * *
The black bear claws you but does no damage. x2
Ijyb zaps a wand.
The roots erupt in riotous growth!
The grasping roots grab you!
Ijyb is unaffected.
The black bear is unaffected.
The worm is unaffected.
The grasping roots constrict you. The worm bites you but does no damage.
You barely miss the black bear.
The black bear is moderately wounded.
Ijyb hits you but does no damage. The grasping roots constrict you.
* * * LOW HITPOINT WARNING * * *
The black bear bites you but does no damage.
The black bear claws you but does no damage. x2
The black bear bites you but does no damage.
You block the black bear's attack. The black bear claws you.
* * * LOW HITPOINT WARNING * * *
Ijyb hits you but does no damage. The grasping roots constrict you.
* * * LOW HITPOINT WARNING * * *
The worm bites you.
You die...

#.###(##.# #.##.# #.#
#.###.##.########.##.#
#.#
#.................##.#
#.#####
#####.###.##########.#
#...... #.# #.# #)#
######. #.# #.#
#.###### #. #.# #.#
#......# ##
#.###.##### ######.#
#..[....h@# #.# #
####....gw# #.# #
#......# #.# #
#......# #.# #
#......# ######.####
###..### #..........
#..## #.###.#####
#...# #.# #......
##..# #.###.#####


You could see a black bear, Ijyb and a worm.

Vanquished Creatures
  3 adders
  2 gnolls (D:3)
  2 worms
  A dart slug (D:1)
  4 bats
  2 endoplasms
  A giant cockroach (D:1)
  6 goblins
  6 hobgoblins
  4 jackals (D:1)
  6 kobolds
  2 quokkas
  10 ball pythons
  2 frilled lizards (D:1)
  8 rats
59 creatures vanquished.

Notes
Turn   | Place    | Note
-------+----------+-------------------------------------------
     0 | D:1      | seaoflcl the Human Fighter began the quest for the Orb.
     0 | D:1      | Reached XP level 1. HP: 18/18 MP: 1/1
    55 | D:1      | Found a faded altar of an unknown god.
    72 | D:1      | Prayed at the altar of an unknown god.
    72 | D:1      | Became a worshipper of Uskayaw the Reveller
    72 | D:1      | Reached * piety under Uskayaw
    91 | D:1      | Reached ** piety under Uskayaw
   135 | D:1      | Reached XP level 2. HP: 24/24 MP: 2/2
   273 | D:1      | Reached *** piety under Uskayaw
   447 | D:1      | Reached XP level 3. HP: 26/29 MP: 3/3
  1260 | D:2      | Reached XP level 4. HP: 28/35 MP: 4/4
  2015 | D:3      | Found a hazy altar of Hepliaklqana.
  2017 | D:3      | Found a shimmering altar of Xom.
  2020 | D:3      | Noticed a spectral ugly thing
  2509 | D:4      | Noticed Ijyb
  2512 | D:4      | Noticed a black bear
  2625 | D:3      | Reached XP level 5. HP: 30/41 MP: 5/5
  2685 | D:3      | HP: 2/42 [constriction (3)]
  2685 | D:3      | Slain by a worm

Illustrated notes

Levels and vault maps discovered:
D:1:      lightli_arrival_maybe_door_vault, layout_basic,
          chequers_ecumenical_altar_simple
D:2:      layout_basic, serial_park_tiny_pond
D:3:      layout_loops_ring, regret_index_temple_of_mockery
D:4:      layout_basic, uniq_ijyb

Skill      XL: |  1  2  3  4 |
---------------+-------------+-----
Long Blades    | 3 |  3.1
Fighting       | |  3.6
Armour         | |  3.9
Dodging        | |  0.6
Shields        | |  3.3

Action                     |  1- 3 |  4- 6 || total
---------------------------+-------+-------++-------
  Melee: Long sword        |   110 |    97 ||   207
   Stab: Paralysed         |     1 |       ||     1
 Armour: Scale mail        |    65 |    94 ||   159
  Dodge: Dodged            |    70 |    52 ||   122
  Block: Buckler           |    29 |    39 ||    68
